 Dungeon Crawl Stone Soup version 0.29.0-4-gdea44cf6ec (webtiles) character file.

Game seed: 7491862697550022743

23792 qw the Cleaver (level 12, -20/95 HPs)
             Began as a Demonspawn Cinder Acolyte on Sept 9, 2022.
             Was a High Priest of Okawaru.
             Demolished by a komodo dragon (21 damage)
             ... on level 2 of the Lair of Beasts.
             The game lasted 00:05:58 (12942 turns).

qw the Cleaver (Demonspawn Cinder Acolyte)         Turns: 12942, Time: 00:05:58

Health: -20/95     AC: 36    Str: 16    XL:     12   Next: 75%
Magic:  0/16       EV:  9    Int: 15    God:    Okawaru [*****.]
Gold:   293        SH: 11    Dex: 12    Spells: 13/13 levels left

rFire   . . .      SeeInvis .   Y - +2 broad axe (protect)
rCold   . . .      Faith    .   q - +0 buckler
rNeg    . . .      Spirit   +   s - +2 plate armour
rPois   +          Reflect  +   f - +1 helmet of the Tarantula {Regen+}
rElec   .          Harm     .   b - +4 cloak of the Fiddle {rPois Str-5 Dex+4}
rCorr   .          Rampage  .   k - +1 Delatra's gloves {ID++}
Will    .....                   (no boots)
Stlth   ..........              p - amulet of reflection
HPRegen 1.05/turn               o - ring of protection from fire
MPRegen 0.30/turn               (no ring)

@: lethally poisoned (-20 -> -20), heroic, marked, under a protective aura, fire
susceptible
A: magic shield, magic regeneration, sturdy frame 1, demonic magic 2, demonic
touch 1, hooves 1, fire resistance 1, low MP 1
a: Renounce Religion, Heroism, Finesse, Duel


You were on level 2 of the Lair of Beasts.
You worshipped Okawaru.
Okawaru was extremely pleased with you.
You visited 3 branches of the dungeon, and saw 15 of its levels.
You also visited: Sewer.

You collected 665 gold pieces.
You spent 372 gold pieces at shops.


Innate Abilities, Weirdness & Mutations

When hurt, damage is shared between your health and your magic reserves.
You regenerate magic rapidly.
Your movements are slightly less encumbered by armour. (ER -2)
Spells you cast may paralyse nearby enemies.
Your touch may inflict minor irresistible damage on your foes.
You have large cloven feet.
Your flesh is heat resistant. (rF+)
Your magical capacity is low. (-10% MP)


   Skills:
 - Level 9.0(14.0) Fighting
 + Level 13.3(18.3) Axes
 - Level 2.0(7.0) Throwing
 - Level 10.2(15.2) Armour
 - Level 2.1(7.1) Dodging
 - Level 5.0(10.0) Shields
 - Level 1.0 Spellcasting
 - Level 2.6 Fire Magic
 + Level 8.5 Invocations


You had 13 spell levels left.
You didn't know any spells.
Your spell library contained the following spells:

 Spells                   Type           Power      Damage    Failure   Level
 Scorch                   Fire           16%        2d5       83%         2

Inventory:

Hand Weapons
 d - the +3 broad axe of the Distant Future {flame, rCorr Str-4 Dex+4 Stlth+}
   (You found it on level 9 of the Dungeon)

   It burns those it strikes, dealing additional fire damage.
   Big, fiery blades are also staple armaments of hydra-hunters.
   Str:       It affects your strength (-4).
   Dex:       It affects your dexterity (+4).
   rCorr:     It protects you from acid and corrosion.
   Stlth:     It makes you more stealthy.
 Y - a +2 broad axe of protection (weapon)
Missiles
 m - 2 boomerangs (quivered)
Armour
 b - the +4 cloak of the Fiddle (worn) {rPois Str-5 Dex+4}
   (You acquired it on level 3 of the Dungeon)

   Str:       It affects your strength (-5).
   Dex:       It affects your dexterity (+4).
   rPois:     It protects you from poison.
 f - the +1 helmet of the Tarantula (worn) {Regen+}
   (You took it off Robin on level 3 of the Dungeon)

   Regen:     It increases your rate of health regeneration.
 k - the +1 Delatra's gloves (worn) {ID++}
   (You found it on level 2 of the Dungeon)

   It heals its wearer when they drink unknown potions.
   It restores its wearer's MP when they read unknown scrolls.
 q - a +0 buckler (worn)
 s - a +2 plate armour (worn)
Jewellery
 j - a ring of fire
 o - a ring of protection from fire (left hand)
 p - an amulet of reflection (around neck)
Scrolls
 a - 3 scrolls of identify
Potions
 c - 2 potions of magic
 e - 5 potions of mutation
 h - 5 potions of might
 i - 3 potions of curing
 l - a potion of haste

Dungeon Overview and Level Annotations

Branches:
Dungeon (12/15)            Temple (1/1) D:5            Lair (2/5) D:9
  Sewer (visited)
  Swamp: Lair:2-3    Shoals: Lair:2-3     Snake: Lair:2-3    Spider: Lair:2-3
    Orc: D:9-12

Altars:
Ashenzari
Cheibriados
Dithmenos
Fedhas
Gozag
Hepliaklqana
Kikubaaqudgha
Makhleb
Nemelex Xobeh
Okawaru
Qazlal
Ru
Sif Muna
Trog
Uskayaw
Vehumet
Wu Jian
Xom
Yredelemnul

Shops:
D:3 *   D:8 (   D:12 *

Annotations:
D:9 2 transporters, qw's ghost, novice TeWr


Message History

You barely miss the blink frog.
You feel sick. You block the blink frog's attack. The komodo dragon bites you!
A swamp worm comes into view.
The swamp worm fires a harpoon shot at you.
The harpoon shot misses you.
A blink frog comes into view.
You hit the komodo dragon but do no damage.
The komodo dragon is severely wounded.
You miss the blink frog.
You feel sick.
The blink frog hits you but does no damage.
The komodo dragon completely misses you.
The blink frog blinks!
The swamp worm fires a harpoon shot at you.
The harpoon shot misses you.
You slash the komodo dragon!
The komodo dragon is almost dead.
You slash the blink frog!
You feel sick.
The blink frog blinks!
The blink frog hits you!
A swamp worm comes into view.
You slash the komodo dragon!
You kill the komodo dragon!
Okawaru accepts your kill.
You hit the swamp worm but do no damage.
You hit the blink frog. You barely miss the komodo dragon.
You feel sick.
The blink frog blinks!
The blink frog hits you but does no damage.
You barely miss the blink frog.
The blink frog is heavily wounded.
You slash the swamp worm! You hit the komodo dragon.
You feel sick. The swamp worm barely misses you.
The blink frog hits you but does no damage.
The komodo dragon bites you!
The blink frog blinks!
You slash the swamp worm!
The swamp worm is severely wounded.
You closely miss the blink frog. You hit the komodo dragon.
The blink frog blinks!
The swamp worm bites you but does no damage.
The komodo dragon bites you!!
You die...

## #.¤........#
..##........F..
>.......F....# .
#...........# ...
#w......(....
....#..w.........
......%w%.....F..
#l@¤.¤...... #.#)########
#........ ###.%..#
##.......# ###F#####
#........# #...#..P####
#........## #..........#
..........# #..........#
.........##### #..........#
............P###..........##


You could see a komodo dragon, 3 swamp worms and 4 blink frogs.

Vanquished Creatures
  A boulder beetle (D:9)
  Harold (Lair:2)
  A hydra (D:11)
  Erolcha (D:12)
  A two-headed ogre (D:9)
  2 death yaks (Lair:1)
  3 cyclopes
  A manticore (D:12)
  A black mamba (Lair:1)
  A torpor snail (Lair:1)
  A cane toad (Lair:1)
  2 komodo dragons
  2 gargoyles
  4 trolls
  10 blink frogs (Lair:2)
  A shadow (D:6)
  2 wyverns (Lair:2)
  17 yaks
  3 redbacks (Lair:2)
  2 steam dragons
  6 fire elementals
  2 water moccasins
  A swamp worm (Lair:2)
  4 black bears
  An ice beast (D:6)
  2 sky beasts (D:8)
  4 orc warriors
  An ogre (D:7)
  6 wolves (Lair:1)
  9 centaurs
  A phantom (D:6)
  3 kobold brigands
  A necrophage (D:6)
  8 scorpions
  12 bullfrogs
  3 gnoll sergeants
  3 killer bees (D:8)
  4 howler monkeys
  A jelly (D:7)
  An iron imp (D:7)
  6 hounds
  4 orc priests
  2 iguanas
  6 orc wizards
  Robin (D:3)
  19 gnolls
  12 adders
  10 river rats
  3 white imps
  A worm (D:3)
  3 dart slugs
  27 orcs
  10 endoplasms
  13 giant cockroaches
  10 goblins
  10 hobgoblins
  5 jackals
  7 quokkas
  20 ball pythons
  7 bats
  7 frilled lizards
  15 kobolds
  25 rats
353 creatures vanquished.

Vanquished Creatures (others)
  Sonja (D:12)
  A yak (Lair:1)
  A kobold (D:9)
  A bush (Lair:2)
  14 fungi
  22 plants
40 creatures vanquished.

Grand Total: 393 creatures vanquished

Notes
Turn   | Place    | Note
-------+----------+-------------------------------------------
     0 | D:1      | qw the Demonspawn Cinder Acolyte began the quest for the
                  | Orb.
     0 | D:1      | Reached XP level 1. HP: 18/18 MP: 2/2
     0 | D:1      | 0 ||| qw: Version: 0.1-a-113-g051387a
     0 | D:1      | 0 ||| qw: Game counter: 7169
     0 | D:1      | 0 ||| qw: Always use a shield: true
     0 | D:1      | 0 ||| qw: God list: Okawaru
     0 | D:1      | 0 ||| qw: Allow faded altars: false
     0 | D:1      | 0 ||| qw: Do Orc after D:15 true
     0 | D:1      | 0 ||| qw: Do second Lair branch before Depths: true
     0 | D:1      | 0 ||| qw: Lair rune preference: random
     0 | D:1      | 0 ||| qw: Plans: Normal
     0 | D:1      | 0 ||| PLANNING D:1-11
    11 | D:1      | 11 ||| Stepping ~*~*~tactically~*~*~ (hiding).
    31 | D:1      | Found a faded altar of an unknown god.
    45 | D:1      | Reached skill level 3 in Axes
    89 | D:1      | 89 ||| Stepping ~*~*~tactically~*~*~ (stealth).
    96 | D:1      | 96 ||| Stepping ~*~*~tactically~*~*~ (stealth).
   101 | D:1      | 101 ||| INVOKING Fiery Armour.
   107 | D:1      | Gained mutation: You regenerate magic rapidly. [demonic
                  | ancestry]
   107 | D:1      | Reached XP level 2. HP: 12/24 MP: 3/3
   167 | D:1      | 167 ||| Stepping ~*~*~tactically~*~*~ (stealth).
   168 | D:1      | 168 ||| Stepping ~*~*~tactically~*~*~ (stealth).
   283 | D:1      | 283 ||| Stepping ~*~*~tactically~*~*~ (stealth).
   284 | D:1      | 284 ||| Stepping ~*~*~tactically~*~*~ (stealth).
   294 | D:1      | 294 ||| Stepping ~*~*~tactically~*~*~ (stealth).
   295 | D:1      | 295 ||| Stepping ~*~*~tactically~*~*~ (stealth).
   298 | D:1      | 298 ||| Stepping ~*~*~tactically~*~*~ (stealth).
   743 | D:1      | 743 ||| Stepping ~*~*~tactically~*~*~ (stealth).
   976 | D:1      | 976 ||| Stepping ~*~*~tactically~*~*~ (stealth).
   978 | D:1      | 978 ||| Stepping ~*~*~tactically~*~*~ (stealth).
  1272 | D:1      | 1272 ||| UPGRADING to +0 pair of gloves.
  1277 | D:1      | 1277 ||| UPGRADING to +0 leather armour.
  1287 | D:1      | 1287 ||| DROPPING +0 robe.
  1288 | D:1      | 1288 ||| READING 2 scrolls labelled FULERPHUF KOLYOHA.
  1289 | D:1      | 1289 ||| READING scroll labelled NIHAZU TOANED.
  1290 | D:1      | 1290 ||| READING scroll labelled TENIRYOZIRCH.
  1294 | D:1      | 1294 ||| READING scroll labelled RESICK DEMY.
  1323 | D:2      | Gained mutation: Spells you cast may paralyse adjacent
                  | enemies. [demonic ancestry]
  1323 | D:2      | Reached XP level 3. HP: 27/29 MP: 4/4
  1399 | D:2      | Reached skill level 4 in Axes
  1464 | D:2      | 1464 ||| Stepping ~*~*~tactically~*~*~ (stealth).
  1467 | D:2      | 1467 ||| INVOKING Fiery Armour.
  1549 | D:2      | 1549 ||| Stepping ~*~*~tactically~*~*~ (stealth).
  1569 | D:2      | 1569 ||| Stepping ~*~*~tactically~*~*~ (stealth).
  1654 | D:2      | 1654 ||| Stepping ~*~*~tactically~*~*~ (stealth).
  1695 | D:2      | 1695 ||| Stepping ~*~*~tactically~*~*~ (stealth).
  1696 | D:2      | 1696 ||| Stepping ~*~*~tactically~*~*~ (stealth).
  1704 | D:2      | Reached skill level 1 in Dodging
  1704 | D:2      | 1704 ||| Stepping ~*~*~tactically~*~*~ (stealth).
  1747 | D:2      | 1747 ||| INVOKING Fiery Armour.
  1748 | D:2      | Reached XP level 4. HP: 14/35 MP: 5/5
  1816 | D:2      | 1816 ||| Stepping ~*~*~tactically~*~*~ (stealth).
  1820 | D:2      | 1820 ||| Stepping ~*~*~tactically~*~*~ (stealth).
  1822 | D:2      | 1822 ||| Stepping ~*~*~tactically~*~*~ (stealth).
  2365 | D:2      | Found the +1 Delatra's gloves {ID++}
  2635 | D:2      | 2635 ||| UPGRADING to +0 helmet.
  2640 | D:2      | 2640 ||| UPGRADING to +0 ring mail.
  2650 | D:2      | 2650 ||| DROPPING +0 leather armour.
  2651 | D:2      | 2651 ||| UPGRADING to +1 Delatra's gloves {ID++}.
  2661 | D:2      | 2661 ||| DROPPING +0 pair of gloves.
  2662 | D:2      | 2662 ||| READING scroll labelled ZYTA PEIMADD.
  2663 | D:2      | 2663 ||| DRINKING 2 orange potions.
  2664 | D:2      | 2664 ||| READING 2 scrolls of identify.
  2664 | D:2      | 2664 ||| IDENTIFYING emerald potion
  2665 | D:2      | 2665 ||| Stepping randomly (stuck).
  2666 | D:2      | 2666 ||| Stepping ~*~*~tactically~*~*~ (cloud).
  3082 | D:3      | Found an opulent altar of Gozag.
  3293 | D:3      | Reached skill level 1 in Armour
  3302 | D:3      | 3302 ||| INVOKING Fiery Armour.
  3307 | D:3      | Gained mutation: When hurt, damage is shared between your
                  | health and your magic reserves. [demonic ancestry]
  3307 | D:3      | Reached XP level 5. HP: 29/41 MP: 6/6
  3430 | D:3      | Reached skill level 5 in Axes
  3553 | D:3      | 3553 ||| Stepping ~*~*~tactically~*~*~ (hiding).
  3715 | D:3      | 3715 ||| Stepping ~*~*~tactically~*~*~ (stealth).
  3724 | D:3      | Identified the +1 helmet of the Tarantula {Regen+}
  3724 | D:3      | Noticed Robin
  3732 | D:3      | Killed Robin
  3814 | D:3      | Found a broken altar of Ashenzari.
  4146 | D:3      | 4146 ||| Stepping ~*~*~tactically~*~*~ (stealth).
  4312 | D:3      | 4312 ||| Stepping ~*~*~tactically~*~*~ (stealth).
  4323 | D:3      | Reached XP level 6. HP: 35/47 MP: 4/7
  4426 | D:3      | 4426 ||| READING scroll of enchant armour.
  4426 | D:3      | 4426 ||| ENCHANTING +0 helmet.
  4561 | D:3      | Found Ruguor's General Store.
  4603 | D:3      | Found a hazy altar of Hepliaklqana.
  4604 | D:3      | Found a faded altar of an unknown god.
  4656 | D:3      | Reached skill level 6 in Axes
  5194 | D:3      | 5194 ||| UPGRADING to +1 helmet of the Tarantula {Regen+}.
  5204 | D:3      | 5204 ||| DROPPING +1 helmet.
  5205 | D:3      | 5205 ||| READING scroll labelled ASOWE XANOUR.
  5205 | D:3      | Identified a scroll of acquirement
  5205 | D:3      | 5205 ||| ACQUIRING +4 cloak of the Fiddle {rPois Str-5
                  | Dex+4}
  5205 | D:3      | Acquired the +4 cloak of the Fiddle {rPois Str-5 Dex+4}
  5207 | D:3      | 5207 ||| UPGRADING to +4 cloak of the Fiddle {rPois Str-5
                  | Dex+4}.
  5212 | D:3      | 5212 ||| READING scroll labelled CEEZUK RU QESE.
  5313 | D:3      | 5313 ||| READING scroll labelled DOVUME HERHE.
  5314 | D:3      | 5314 ||| READING 2 scrolls of identify.
  5314 | D:3      | 5314 ||| IDENTIFYING inky potion
  5654 | D:4      | 5654 ||| Stepping ~*~*~tactically~*~*~ (stealth).
  5871 | D:4      | Gained mutation: Your movements are slightly less
                  | encumbered by armour. (ER -2) [demonic ancestry]
  5871 | D:4      | Reached XP level 7. HP: 54/54 MP: 8/8
  5902 | D:4      | 5902 ||| DRINKING 3 fuming green potions.
  5902 | D:4      | Gained mutation: Your magical capacity is low. (-10% MP)
                  | [potion of mutation]
  5902 | D:4      | Gained mutation: You have large cloven feet. [potion of
                  | mutation]
  5902 | D:4      | Gained mutation: Your flesh is heat resistant. (rF+)
                  | [potion of mutation]
  5903 | D:4      | 5903 ||| DRINKING 2 fizzy clear potions.
  5959 | D:4      | 5959 ||| DRINKING 2 fizzy green potions.
  5960 | D:4      | 5960 ||| DRINKING 2 sedimented emerald potions.
  5961 | D:4      | 5961 ||| READING 2 scrolls of identify.
  5961 | D:4      | 5961 ||| IDENTIFYING fizzy black potion
  5962 | D:4      | 5962 ||| DROPPING potion of invisibility.
  5963 | D:4      | 5963 ||| DROPPING potion of lignification.
  5964 | D:4      | 5964 ||| DROPPING potion of brilliance.
  5965 | D:4      | 5965 ||| DROPPING potion of attraction.
  5983 | D:5      | Entered Level 5 of the Dungeon
  5984 | D:5      | 5984 ||| PLANNING SEWER
  6021 | D:5      | Found a glowing drain.
  6023 | D:5      | 6023 ||| UPGRADING to +0 chain mail.
  6033 | D:5      | 6033 ||| DROPPING +0 ring mail.
  6291 | Sewer    | Entered a sewer
  6322 | Sewer    | 6322 ||| INVOKING Fiery Armour.
  6324 | Sewer    | 6324 ||| Stepping ~*~*~tactically~*~*~ (water).
  6350 | Sewer    | 6350 ||| Stepping ~*~*~tactically~*~*~ (stealth).
  6353 | Sewer    | 6353 ||| Stepping ~*~*~tactically~*~*~ (stealth).
  6357 | Sewer    | 6357 ||| Stepping ~*~*~tactically~*~*~ (stealth).
  6446 | Sewer    | 6446 ||| INVOKING Fiery Armour.
  6523 | Sewer    | Reached skill level 7 in Axes
  6552 | Sewer    | 6552 ||| READING scroll labelled VYCLAIW ECHY.
  6553 | Sewer    | 6553 ||| READING scroll labelled ENUEJI FIEPLY.
  6554 | Sewer    | 6554 ||| READING 2 scrolls labelled QYODOKK OFENT.
  6555 | Sewer    | 6555 ||| DROPPING scroll of butterflies.
  6559 | D:5      | 6559 ||| PLANNING D:1-11
  6611 | D:5      | 6611 ||| Stepping ~*~*~tactically~*~*~ (hiding).
  6613 | D:5      | 6613 ||| Stepping ~*~*~tactically~*~*~ (hiding).
  6628 | D:5      | 6628 ||| Stepping ~*~*~tactically~*~*~ (stealth).
  6631 | D:5      | 6631 ||| DRINKING 3 potions of curing.
  6631 | D:5      | 6631 ||| (to cure confusion)
  6651 | D:5      | Reached skill level 3 in Armour
  6659 | D:5      | 6659 ||| DRINKING 2 potions of curing.
  6659 | D:5      | 6659 ||| (to cure confusion)
  6709 | D:5      | 6709 ||| SWAPPING to +0 war axe.
  6819 | D:5      | Found a staircase to the Ecumenical Temple.
  6917 | D:5      | 6917 ||| Stepping ~*~*~tactically~*~*~ (stealth).
  6927 | D:5      | Reached XP level 8. HP: 60/60 MP: 6/8
  7034 | D:5      | Reached skill level 8 in Axes
  7368 | D:5      | 7368 ||| UPGRADING to ring of protection from fire.
  7369 | D:5      | 7369 ||| READING scroll labelled SOFIST HUMO.
  7370 | D:5      | 7370 ||| READING 3 scrolls of identify.
  7370 | D:5      | 7370 ||| IDENTIFYING brown potion
  7371 | D:5      | 7371 ||| READING 2 scrolls of identify.
  7371 | D:5      | 7371 ||| IDENTIFYING silvery potion
  7372 | D:5      | 7372 ||| DROPPING potion of magic.
  7373 | D:5      | 7373 ||| DROPPING potion of degeneration.
  7601 | D:6      | Found a basalt altar of Yredelemnul.
  7602 | D:6      | 7602 ||| Stepping ~*~*~tactically~*~*~ (stealth).
  7604 | D:6      | 7604 ||| Stepping ~*~*~tactically~*~*~ (stealth).
  7816 | D:6      | 7816 ||| Stepping ~*~*~tactically~*~*~ (stealth).
  7888 | D:6      | Reached skill level 9 in Axes
  7930 | D:6      | Found a sacrificial altar of Ru.
  8019 | D:6      | 8019 ||| INVOKING Fiery Armour.
  8025 | D:6      | Reached XP level 9. HP: 25/68 MP: 2/9
  8132 | D:6      | 8132 ||| INVOKING Fiery Armour.
  8138 | D:6      | Reached skill level 6 in Fighting
  8375 | D:6      | 8375 ||| UPGRADING to amulet of the acrobat.
  8427 | D:7      | Found a snail-covered altar of Cheibriados.
  8592 | D:7      | 8592 ||| Stepping ~*~*~tactically~*~*~ (stealth).
  8594 | D:7      | 8594 ||| Stepping ~*~*~tactically~*~*~ (hiding).
  8599 | D:7      | 8599 ||| Stepping ~*~*~tactically~*~*~ (hiding).
  8608 | D:7      | 8608 ||| INVOKING Fiery Armour.
  8609 | D:7      | 8609 ||| FLEEEEING.
  8610 | D:7      | 8610 ||| FLEEEEING.
  8611 | D:7      | 8611 ||| FLEEEEING.
  8612 | D:7      | 8612 ||| FLEEEEING.
  8613 | D:7      | 8613 ||| FLEEEEING.
  8614 | D:7      | 8614 ||| STAIRDANCE
  8643 | D:6      | 8643 ||| UPGRADING to amulet of reflection.
  8653 | D:6      | 8653 ||| DROPPING amulet of the acrobat.
  8711 | D:7      | 8711 ||| Stepping ~*~*~tactically~*~*~ (hiding).
  8728 | D:7      | 8728 ||| INVOKING Fiery Armour.
  8737 | D:7      | HP: 17/69 [gnoll sergeant/+4 trident of pain (2)]
  8738 | D:7      | 8738 ||| READING 4 scrolls of teleportation.
  8740 | D:7      | 8740 ||| DRINKING 2 potions of heal wounds.
  9002 | D:7      | Reached skill level 10 in Axes
  9157 | D:8      | Noticed a gargoyle
  9223 | D:8      | 9223 ||| SWAPPING to +2 vorpal war axe.
  9224 | D:8      | 9224 ||| DROPPING +0 war axe.
  9242 | D:8      | 9242 ||| INVOKING Fiery Armour.
  9271 | D:8      | Killed a gargoyle
  9370 | D:8      | Found a sparkling altar of Nemelex Xobeh.
  9415 | D:8      | 9415 ||| Stepping ~*~*~tactically~*~*~ (stealth).
  9477 | D:8      | Found Ytoptyps's Weapon Shop.
  9485 | D:8      | 9485 ||| BUYING +2 vorpal broad axe (216 gold).
  9485 | D:8      | Bought a +2 vorpal broad axe for 216 gold pieces
  9485 | D:8      | 9485 ||| SWAPPING to +2 vorpal broad axe.
  9486 | D:8      | 9486 ||| DROPPING +2 vorpal war axe.
  9701 | D:8      | 9701 ||| Stepping ~*~*~tactically~*~*~ (stealth).
  9731 | D:8      | 9731 ||| UPGRADING to +0 buckler.
  9736 | D:8      | 9736 ||| UPGRADING to +0 plate armour.
  9746 | D:8      | 9746 ||| DROPPING +0 chain mail.
  9747 | D:8      | 9747 ||| READING 2 scrolls of enchant armour.
  9747 | D:8      | 9747 ||| ENCHANTING +0 plate armour.
  9748 | D:8      | 9748 ||| READING scroll of enchant armour.
  9748 | D:8      | 9748 ||| ENCHANTING +1 plate armour.
  9749 | D:8      | 9749 ||| DROPPING ring of flight.
  9750 | D:8      | 9750 ||| READING scroll labelled LODEDUERUU.
  9768 | D:9      | Found a transporter.
  9795 | D:9      | 9795 ||| Stepping ~*~*~tactically~*~*~ (hiding).
  9801 | D:9      | Reached skill level 1 in Shields
  9848 | D:9      | Noticed qw's ghost (novice TeWr)
  9853 | D:9      | Noticed a freezing wraith
  9909 | D:9      | Gained mutation: Your touch may inflict minor irresistible
                  | damage on your foes. [demonic ancestry]
  9909 | D:9      | Reached XP level 10. HP: 62/79 MP: 8/10
  9949 | D:9      | Found a transporter.
  9962 | D:9      | Noticed a boulder beetle
  9963 | D:9      | 9963 ||| INVOKING Fiery Armour.
  9982 | D:9      | 9982 ||| Stepping ~*~*~tactically~*~*~ (stealth).
  9983 | D:9      | 9983 ||| Stepping ~*~*~tactically~*~*~ (stealth).
  9985 | D:9      | Reached skill level 3 in Shields
  9990 | D:9      | HP: 17/79 [boulder beetle (11)]
  9991 | D:9      | 9991 ||| READING 3 scrolls of teleportation.
  9992 | D:9      | 9992 ||| DRINKING potion of heal wounds.
 10053 | D:9      | 10053 ||| PLANNING TEMPLE
 10053 | D:9      | 10053 ||| READING 2 scrolls of identify.
 10053 | D:9      | 10053 ||| IDENTIFYING black potion
 10054 | D:9      | 10054 ||| DRINKING potion of experience.
 10054 | D:9      | Reached XP level 11. HP: 84/84 MP: 11/11
 10176 | Temple   | Entered the Ecumenical Temple
 10176 | Temple   | Found a transporter.
 10176 | Temple   | Found a transporter.
 10178 | Temple   | Found a transporter.
 10178 | Temple   | Found a transporter.
 10188 | Temple   | 10188 ||| PLANNING D:1-11
 10249 | Temple   | 10249 ||| PLANNING CONVERSION TO OKAWARU
 10252 | Temple   | Fell from the grace of Ignis
 10252 | Temple   | Became a worshipper of Warmaster Okawaru
 10253 | Temple   | 10253 ||| PLANNING D:1-11
 10392 | D:9      | Noticed a two-headed ogre
 10410 | D:9      | Killed a two-headed ogre
 10411 | D:9      | Reached skill level 11 in Axes
 10512 | D:9      | 10512 ||| Stepping ~*~*~tactically~*~*~ (stealth).
 10544 | D:9      | You fall into a shaft and drop 3 floors!
 10546 | D:12     | Found Saimn's Assorted Antiques.
 10556 | D:12     | 10556 ||| Stepping ~*~*~tactically~*~*~ (hiding).
 10558 | D:12     | 10558 ||| Stepping ~*~*~tactically~*~*~ (hiding).
 10559 | D:12     | 10559 ||| Stepping ~*~*~tactically~*~*~ (hiding).
 10562 | D:12     | Reached * piety under Okawaru
 10563 | D:12     | Reached skill level 1 in Throwing
 10584 | D:12     | 10584 ||| SHOPLISTING ancient plate armour (1092 gold, have
                  | 248).
 10584 | D:12     | 10584 ||| SHOPLISTING potion of mutation (312 gold, have
                  | 248).
 10584 | D:12     | 10584 ||| BUYING scroll labelled RUEDENWOMI (39 gold).
 10584 | D:12     | Bought a scroll labelled RUEDENWOMI for 39 gold pieces
 10584 | D:12     | 10584 ||| BUYING scroll of teleportation (117 gold).
 10584 | D:12     | Bought a scroll of teleportation for 117 gold pieces
 10597 | D:12     | Noticed Erolcha
 10598 | D:12     | 10598 ||| INVOKING Heroism.
 10609 | D:12     | Reached skill level 1 in Invocations
 10616 | D:12     | Killed Erolcha
 10632 | D:12     | 10632 ||| INVOKING Heroism.
 10645 | D:12     | Reached skill level 3 in Invocations
 10674 | D:12     | 10674 ||| INVOKING Heroism.
 10720 | D:12     | 10720 ||| INVOKING Heroism.
 10729 | D:12     | Reached ** piety under Okawaru
 10768 | D:12     | 10768 ||| INVOKING Heroism.
 10770 | D:12     | Noticed Sonja
 10776 | D:12     | Killed Sonja
 10788 | D:12     | 10788 ||| READING scroll labelled RUEDENWOMI.
 10824 | D:11     | Noticed an eight-headed hydra
 10825 | D:11     | 10825 ||| INVOKING Heroism.
 10828 | D:11     | 10828 ||| SWAPPING to -1 hand axe of flaming.
 10838 | D:11     | Killed a one-headed hydra
 10839 | D:11     | 10839 ||| SWAPPING to +2 broad axe of protection.
 10861 | D:11     | 10861 ||| INVOKING Heroism.
 10917 | D:11     | 10917 ||| Stepping ~*~*~tactically~*~*~ (stealth).
 10926 | D:11     | 10926 ||| INVOKING Heroism.
 10927 | D:11     | Noticed a boulder beetle
 10948 | D:11     | 10948 ||| INVOKING Heroism.
 10977 | D:11     | 10977 ||| INVOKING Heroism.
 10980 | D:11     | HP: 20/86 [boulder beetle (7)]
 10981 | D:11     | 10981 ||| READING 3 scrolls of teleportation.
 10985 | D:11     | 10985 ||| READING 2 scrolls of teleportation.
 10989 | D:11     | 10989 ||| FLEEEEING.
 10990 | D:11     | 10990 ||| FLEEEEING.
 10991 | D:11     | 10991 ||| FLEEEEING.
 10992 | D:11     | 10992 ||| FLEEEEING.
 10993 | D:11     | 10993 ||| FLEEEEING.
 10994 | D:11     | 10994 ||| FLEEEEING.
 10995 | D:11     | 10995 ||| FLEEEEING.
 10996 | D:11     | 10996 ||| STAIRDANCE
 10997 | D:10     | Entered Level 10 of the Dungeon
 11009 | D:10     | 11009 ||| INVOKING Heroism.
 11012 | D:10     | HP: 16/86 [gargoyle/+0 mace (8)]
 11013 | D:10     | 11013 ||| READING scroll of teleportation.
 11015 | D:10     | HP: 4/86 [gargoyle/stone arrow (14)]
 11125 | D:10     | 11125 ||| INVOKING Heroism.
 11166 | D:10     | 11166 ||| Stepping ~*~*~tactically~*~*~ (hiding).
 11168 | D:10     | 11168 ||| Stepping ~*~*~tactically~*~*~ (hiding).
 11189 | D:10     | 11189 ||| Stepping ~*~*~tactically~*~*~ (stealth).
 11191 | D:10     | 11191 ||| Stepping ~*~*~tactically~*~*~ (hiding).
 11208 | D:10     | 11208 ||| Stepping ~*~*~tactically~*~*~ (hiding).
 11222 | D:10     | Reached skill level 12 in Axes
 11352 | D:9      | Found a staircase to the Lair.
 11353 | D:9      | 11353 ||| INVOKING Heroism.
 11379 | D:9      | 11379 ||| Stepping ~*~*~tactically~*~*~ (stealth).
 11381 | D:9      | 11381 ||| INVOKING Heroism.
 11396 | D:9      | Killed a boulder beetle
 11396 | D:9      | Reached *** piety under Okawaru
 11465 | D:9      | 11465 ||| INVOKING Heroism.
 11476 | D:9      | 11476 ||| Stepping ~*~*~tactically~*~*~ (cloud).
 11486 | D:9      | Identified the +3 broad axe of the Distant Future {flame,
                  | rCorr Str-4 Dex+4 Stlth+}
 11488 | D:9      | 11488 ||| DROPPING -1 hand axe of flaming.
 11568 | D:9      | 11568 ||| PLANNING LAIR
 11568 | D:9      | 11568 ||| READING scroll labelled HEITOEQ COPPIU.
 11648 | Lair:1   | Entered Level 1 of the Lair of Beasts
 11649 | Lair:1   | 11649 ||| INVOKING Heroism.
 11653 | Lair:1   | Gained mutation: Spells you cast may paralyse nearby
                  | enemies. [demonic ancestry]
 11653 | Lair:1   | Reached XP level 12. HP: 92/92 MP: 11/13
 11748 | Lair:1   | Noticed a death yak
 11748 | Lair:1   | Noticed a death yak
 11749 | Lair:1   | 11749 ||| Stepping ~*~*~tactically~*~*~ (stealth).
 11750 | Lair:1   | 11750 ||| INVOKING Heroism.
 11751 | Lair:1   | 11751 ||| Stepping ~*~*~tactically~*~*~ (stealth).
 11752 | Lair:1   | 11752 ||| Stepping ~*~*~tactically~*~*~ (stealth).
 11754 | Lair:1   | 11754 ||| Stepping ~*~*~tactically~*~*~ (stealth).
 11768 | Lair:1   | 11768 ||| INVOKING Heroism.
 11775 | Lair:1   | Killed a death yak
 11776 | Lair:1   | Killed a death yak
 11849 | Lair:1   | Reached skill level 13 in Axes
 11860 | Lair:1   | You fall into a shaft and drop 1 floor!
 11973 | Lair:1   | Reached **** piety under Okawaru
 12025 | Lair:1   | 12025 ||| INVOKING Heroism.
 12045 | Lair:1   | 12045 ||| INVOKING Heroism.
 12257 | Lair:1   | 12257 ||| Stepping ~*~*~tactically~*~*~ (stealth).
 12282 | Lair:1   | You fall into a shaft and drop 1 floor!
 12283 | Lair:2   | 12283 ||| INVOKING Heroism.
 12291 | Lair:2   | Reached skill level 9 in Fighting
 12296 | Lair:2   | Reached skill level 6 in Invocations
 12315 | Lair:2   | 12315 ||| INVOKING Heroism.
 12319 | Lair:2   | 12319 ||| READING scroll labelled QUAD VYORCH.
 12320 | Lair:2   | 12320 ||| READING 4 scrolls of identify.
 12320 | Lair:2   | 12320 ||| IDENTIFYING clear potion
 12333 | Lair:2   | Found a shadowy altar of Dithmenos.
 12380 | Lair:2   | 12380 ||| INVOKING Heroism.
 12388 | Lair:2   | 12388 ||| Stepping ~*~*~tactically~*~*~ (stealth).
 12421 | Lair:2   | 12421 ||| INVOKING Heroism.
 12597 | Lair:1   | Found an ancient bone altar of Kikubaaqudgha.
 12845 | Lair:1   | 12845 ||| READING 4 scrolls of identify.
 12845 | Lair:1   | 12845 ||| IDENTIFYING puce potion
 12846 | Lair:1   | 12846 ||| DROPPING potion of ambrosia.
 12882 | Lair:2   | 12882 ||| INVOKING Heroism.
 12911 | Lair:2   | Noticed Harold
 12929 | Lair:2   | Killed Harold
 12932 | Lair:2   | HP: 13/93 [swamp worm (11)]
 12933 | Lair:2   | 12933 ||| DRINKING potion of heal wounds.
 12935 | Lair:2   | Reached ***** piety under Okawaru
 12936 | Lair:2   | 12936 ||| INVOKING Heroism.
 12937 | Lair:2   | HP: 15/95 [komodo dragon (9)]
 12941 | Lair:2   | HP: 1/95 [komodo dragon (7)]
 12942 | Lair:2   | Demolished by a komodo dragon

Levels and vault maps discovered:
D:1:      scummos_arrival_simple_fountains, layout_rooms,
          shapermc_ecumenical_altar_venn, fountainhead,
          chequers_serial_rivers_micro_e, minmay_cupped
D:2:      minmay_roachtagon, layout_basic, nicolae_elevator_lobby_plus
D:3:      minmay_bubble_buster, layout_basic,
          nicolae_gozag_cash_rules_everything_around_me,
          beargit_hepliaklqana_dungeon_heroes, lemuel_round_altar,
          nicolae_ashenzari_skybound, serial_shops, nicolae_shop_crystal,
          uniq_robin
D:4:      layout_loops_ring, small_statue_intersection
D:5:      layout_basic, minmay_temple_entry_gardened_gates, portal_sewer_entry_c
D:6:      layout_cave_pods, lemuel_doored_altar, nicolae_ru_sacrificial_ziggurat
D:7:      layout_cave_pools, slow_altar_1, minmay_misc_feat_iff
D:8:      minmay_clustersquares, layout_basic, mainiacjoe_overflow_boulevard,
          serial_shops, nicolae_square_shop
D:9:      layout_irregular_city, kennysheep_little_box,
          grunt_lair_entry_orc_guard_hut, nzn_ghost_randoct,
          kennysheep_decorative_pillar
D:10:     layout_layer_cave, nicolae_figureground_sparkle
D:11:     minmay_the_grid_plus_closed [minmay_the_grid_plusring,
          minmay_the_grid_outer_circle, minmay_the_grid_medium_cups,
          minmay_the_grid_fan, minmay_the_grid_prize_diamond_cup],
          layout_irregular_city, orc_0_dummy, lemuel_old_faithful,
          uniq_gastronok
D:12:     layout_cave_pods, serial_shops, shop, minivault_23, uniq_nessos,
          uniq_erolcha, uniq_sonja, uniq_frances
Temple:   hellmonk_temple_divided_pantheon
Lair:1:   layout_gridlike, minmay_hedge_maze, minivault_24, lemuel_centaur_altar
Lair:2:   layout_roguey, nicolae_swamp_entry_splash_gauntlet,
          spider_nest_entry_a, basic_altar, serial_bayou_ford_a, uniq_harold

Skill      XL: |  1  2  3  4  5  6  7  8  9 10 11 12 |
---------------+-------------------------------------+-----
Axes           | 3 4 5 6 7 9 10 12 13 | 13.3
Dodging        | 1 2 |  2.1
Armour         | 1 3 4 10 | 10.2
Fighting       | 4 5 7 8 9 |  9.0
Shields        | 2 3 4 5 |  5.0
Throwing       | 1 2 |  2.0
Invocations    | 4 8 |  8.5
Spellcasting   | |  1.0
Fire Magic     | |  2.6

Action                   |  1- 3 |  4- 6 |  7- 9 | 10-12 || total
-------------------------+-------+-------+-------+-------++-------
Melee: Hand axe          |   123 |   293 |   177 |     9 ||   602
       Punch             |     1 |     2 |     8 |       ||    11
       Kick              |       |       |   137 |   162 ||   299
       War axe           |       |       |   333 |       ||   333
       Broad axe         |       |       |    32 |   463 ||   495
Throw: Boomerang         |       |       |       |     8 ||     8
Invok: Fiery Armour      |     3 |     1 |     7 |     1 ||    12
       Heroism           |       |       |       |    26 ||    26
  Use: Scroll            |     4 |     7 |    11 |    10 ||    32
       Potion            |       |     1 |     7 |     3 ||    11
Armor: Robe              |    17 |       |       |       ||    17
       Leather armour    |    12 |    18 |       |       ||    30
       Ring mail         |       |   116 |       |       ||   116
       Chain mail        |       |       |   350 |       ||   350
       Plate armour      |       |       |    10 |   278 ||   288
Dodge: Dodged            |    68 |   164 |   178 |   128 ||   538
Block: Other             |       |       |    34 |       ||    34
       Buckler           |       |       |    18 |   228 ||   246
       Reflection        |       |       |     9 |    27 ||    36

Table legend:
 A = Non-vault XP
 B = Vault XP
 C = Vault XP percentage of total XP
 D = Non-vault monster count
 E = Vault monster count
 F = Vault count percentage of total count
                 A         B        C        D         E       F
            +---------+---------+-------+---------+---------+-------
      Total |   22963 |    5048 |  18.0 |     234 |     114 |  32.8
            +---------+---------+-------+---------+---------+-------
        D:1 |      34 |       5 |  12.8 |      19 |       3 |  13.6
        D:2 |      90 |      20 |  18.2 |      18 |      10 |  35.7
        D:3 |     188 |     160 |  46.0 |      24 |      17 |  41.5
        D:4 |     242 |       0 |   0.0 |       8 |       0 |   0.0
        D:5 |     639 |      28 |   4.2 |      23 |       3 |  11.5
        D:6 |    1332 |       0 |   0.0 |      25 |       0 |   0.0
        D:7 |     577 |      43 |   6.9 |      13 |       1 |   7.1
        D:8 |     411 |    1023 |  71.3 |       9 |      11 |  55.0
        D:9 |    2795 |     558 |  16.6 |      21 |       5 |  19.2
       D:10 |     954 |       0 |   0.0 |      11 |       0 |   0.0
       D:11 |    2728 |       0 |   0.0 |      12 |       0 |   0.0
       D:12 |    2590 |     841 |  24.5 |       7 |       1 |  12.5
     Lair:1 |    4906 |     450 |   8.4 |      20 |       4 |  16.7
     Lair:2 |    5477 |    1562 |  22.2 |      24 |       5 |  17.2
      Sewer |       0 |     358 | 100.0 |       0 |      54 | 100.0
            +---------+---------+-------+---------+---------+-------
